 Dungeon Crawl Stone Soup version 0.30.0-16-gbe6223bb7e (webtiles) character file.

Game seed: 7940506938161620010

5345 mkat the Spear-Bearer (level 10, -8/79 HPs)
             Began as a Gnoll Wanderer on May 19, 2023.
             Was an Initiate of Gozag.
             Mangled by an orc warrior
             ... wielding a +0 short sword
              (12 damage)
             ... on level 9 of the Dungeon on May 20, 2023.
             The game lasted 00:41:16 (9256 turns).

mkat the Spear-Bearer (Gnoll Wanderer)              Turns: 9256, Time: 00:41:16

Health: -8/79      AC: 12    Str: 14    XL:     10   Next: 65%
Magic:  18/18      EV: 17    Int:  9    God:    Gozag
Gold:   1671       SH:  0    Dex: 16    Spells: 20/20 levels left

rFire   + . .        a - +2 dagger (vamp)
rCold   + . .        (no shield)
rNeg    . . .        m - +0 scale mail
rPois   +            (no helmet)
rElec   .            d - scarf {rC+ rF+}
rCorr   .            p - +2 pair of gloves
SInv    .            k - +0 pair of boots
Will    .....        (no amulet)
Stlth   ++           j - ring of poison resistance
HPRegen 0.33/turn    o - +5 ring of evasion
MPRegen 0.16/turn

%: no passive effects
@: gold aura
A: fangs 1, strong nose, distributed training
a: Renounce Religion, Potion Petition, Call Merchant, Bribe Branch


You were on level 9 of the Dungeon.
You worshipped Gozag.
Gozag was most pleased with you.
You visited 1 branch of the dungeon, and saw 9 of its levels.
You also visited: Sewer.

You collected 1671 gold pieces.

Inventory:

Hand Weapons
 a - a +2 vampiric dagger (weapon)
 b - a +0 sling
Missiles
 c - 2 curare-tipped darts
 f - 3 boomerangs of dispersal
 l - 2 boomerangs (quivered)
 r - a throwing net
 z - 12 poisoned darts
 B - 4 javelins
Armour
 d - a scarf of resistance (worn)
 k - a +0 pair of boots (worn)
 m - a +0 scale mail (worn)
 p - a +2 pair of gloves (worn)
Jewellery
 g - a ring of protection from fire
 i - a ring of resist corrosion
 j - a ring of poison resistance (left hand)
 o - a +5 ring of evasion (right hand)
Wands
 h - a wand of iceblast (13)
 u - a wand of quicksilver (2)
 A - a wand of charming (3)
Scrolls
 n - a scroll of magic mapping
Potions
 q - 2 potions of brilliance
 s - 2 potions of curing


   Skills:
 + Level 7.4 Fighting
 + Level 6.3 Short Blades
 + Level 5.7 Long Blades
 + Level 5.7 Axes
 + Level 5.7 Maces & Flails
 + Level 8.8 Polearms
 + Level 5.7 Staves
 + Level 5.7 Ranged Weapons
 + Level 7.4 Throwing
 + Level 6.3 Armour
 + Level 5.7 Dodging
 + Level 6.2 Stealth
 + Level 5.7 Shields
 + Level 5.7 Unarmed Combat
 + Level 5.7 Spellcasting
 + Level 4.7 Conjurations
 + Level 4.7 Hexes
 + Level 4.7 Summonings
 + Level 4.7 Necromancy
 + Level 4.7 Translocations
 + Level 4.7 Transmutations
 + Level 4.7 Fire Magic
 + Level 4.7 Ice Magic
 + Level 4.7 Air Magic
 + Level 4.7 Earth Magic
 + Level 4.7 Poison Magic
 + Level 6.2 Invocations
 + Level 5.7 Evocations


You had 20 spell levels left.
You didn't know any spells.
Your spell library contained the following spells:

 Spells                   Type           Power      Damage    Failure   Level
 Hailstorm                Conj/Ice       11%        3d5       36%         3
 Ice Form                 Ice/Tmut       11%        N/A       77%         4
 Simulacrum               Ice/Necr       Unusable   N/A       N/A         6

Dungeon Overview and Level Annotations

Branches:
Dungeon (9/15)             Temple (0/1) D:5           Sewer (visited)
   Lair: D:8-11         Orc: D:9-12

Altars:
Dithmenos
Fedhas
Gozag
Sif Muna
Trog
The Shining One

Shops:
D:7 (   D:9 *


Innate Abilities, Weirdness & Mutations

You have very sharp teeth.
Your uncanny sense of smell can sniff out nearby items.
Your experience applies equally to all skills.


Message History

The orc warrior hits you but does no damage.
The gnoll sergeant completely misses you.
You hit the gnoll sergeant but do no damage.
The gnoll sergeant is almost dead.
You hit the gnoll sergeant.
You bite the gnoll sergeant, but do no damage.
The gnoll sergeant is almost dead.
The orc warrior closely misses you. The gnoll sergeant barely misses you.
You hit the gnoll sergeant but do no damage.
You bite the gnoll sergeant, but do no damage.
The gnoll sergeant is almost dead.
The orc warrior misses you.
The gnoll sergeant hits you but does no damage.
You barely miss the gnoll sergeant.
The gnoll sergeant is almost dead.
The gnoll sergeant blocks your attack.
You bite the gnoll sergeant, but do no damage.
The gnoll sergeant is almost dead.
The orc warrior closely misses you.
The orc priest looks braver for a moment.
The gnoll sergeant hits you with a +0 spear.
* * * LOW HITPOINT WARNING * * *
You hit the gnoll sergeant but do no damage.
The gnoll sergeant is almost dead.
The orc warrior closely misses you.
The gnoll sergeant hits you but does no damage.
You closely miss the gnoll sergeant.
The gnoll sergeant is almost dead.
You hit the gnoll sergeant.
You feel better.
You kill the gnoll sergeant!
The orc warrior hits you with a +0 short sword.
* * * LOW HITPOINT WARNING * * *
The orc priest casts a cantrip, but nothing happens.
The orc warrior closely misses you.
Items here: $ ) [[.
You hit the orc warrior but do no damage.
You bite the orc warrior, but do no damage.
The orc warrior hits you with a +0 short sword!
You die...
Your body crumbles into a pile of gold.

##.....#
######......#
............## ∆
.............#
######......##
##....## #####
#...##
##...#######...#
#.....$.o..@o..#
##....###.......#
#....## ###.....#
#...## #..∩..## ∆
#...# ##.....#
#...# #.....#
#...# ##...##
#..o# ##### #..(#


You could see an orc warrior and an orc priest.

Vanquished Creatures
  The ghost of javelincjr the Magician, a novice DsFE of Sif Muna (D:6)
  An unseen horror zombie (D:6)
  A spectral unseen horror (D:6)
  A wyvern (D:8)
  Eustachio (D:6)
  4 steam dragons
  A water moccasin (D:8)
  A sky beast (D:8)
  Pargi (Sewer)
  6 black bears
  2 ice beasts
  4 centaurs
  A phantom (D:5)
  4 kobold brigands
  3 bullfrogs
  2 gnoll sergeants
  5 scorpions
  A wight (D:7)
  7 killer bees (D:8)
  2 gnoll boudas
  A jelly (D:6)
  3 orc priests
  3 hounds
  6 orc wizards
  Terence (D:2)
  3 iguanas (D:6)
  3 sleepcaps (D:5)
  A centaur simulacrum (D:6)
  14 gnolls
  3 adders (D:5)
  2 white imps (D:7)
  An ufetubus (D:4)
  A dart slug (D:1)
  28 orcs
  14 ball pythons
  7 bats
  6 endoplasms
  4 giant cockroaches
  9 goblins
  6 hobgoblins
  10 jackals
  7 quokkas
  6 frilled lizards
  10 kobolds
  5 rats
203 creatures vanquished.

Vanquished Creatures (others)
  A wizard (D:6)
  A kobold (D:7)
2 creatures vanquished.

Grand Total: 205 creatures vanquished

Notes
Turn   | Place    | Note
-------+----------+-------------------------------------------
     0 | D:1      | mkat the Gnoll Wanderer began the quest for the Orb.
     0 | D:1      | mkat set off with the following items: a +2 spear, a +0
                  | short sword, a +0 pair of gloves, a scroll of
                  | vulnerability, a +0 robe.
     0 | D:1      | Reached XP level 1. HP: 20/20 MP: 1/1
   117 | D:1      | Reached XP level 2. HP: 26/26 MP: 2/2
   435 | D:1      | Reached XP level 3. HP: 30/31 MP: 3/3
   623 | D:1      | Found a faded altar of an unknown god.
   652 | D:1      | Prayed at the altar of an unknown god.
   652 | D:1      | Became a worshipper of Gozag Ym Sagoz the Greedy
   996 | D:2      | Reached skill level 1 in Invocations
  1168 | D:2      | Noticed Terence
  1182 | D:2      | Killed Terence
  1183 | D:2      | Reached skill level 1 in Long Blades
  1183 | D:2      | Reached skill level 1 in Axes
  1183 | D:2      | Reached skill level 1 in Maces & Flails
  1183 | D:2      | Reached skill level 1 in Staves
  1183 | D:2      | Reached skill level 1 in Ranged Weapons
  1183 | D:2      | Reached skill level 1 in Dodging
  1183 | D:2      | Reached skill level 1 in Shields
  1183 | D:2      | Reached skill level 1 in Unarmed Combat
  1183 | D:2      | Reached skill level 1 in Spellcasting
  1183 | D:2      | Reached skill level 1 in Evocations
  1183 | D:2      | Reached XP level 4. HP: 10/38 MP: 5/5
  1465 | D:2      | Reached skill level 1 in Conjurations
  1465 | D:2      | Reached skill level 1 in Hexes
  1465 | D:2      | Reached skill level 1 in Summonings
  1465 | D:2      | Reached skill level 1 in Necromancy
  1465 | D:2      | Reached skill level 1 in Translocations
  1465 | D:2      | Reached skill level 1 in Transmutations
  1465 | D:2      | Reached skill level 1 in Fire Magic
  1465 | D:2      | Reached skill level 1 in Ice Magic
  1465 | D:2      | Reached skill level 1 in Air Magic
  1465 | D:2      | Reached skill level 1 in Earth Magic
  1465 | D:2      | Reached skill level 1 in Poison Magic
  2435 | D:3      | Reached XP level 5. HP: 16/43 MP: 7/7
  2939 | D:4      | Noticed a black bear
  2952 | D:4      | Killed a black bear
  2953 | D:4      | Reached skill level 5 in Fighting
  2953 | D:4      | Reached skill level 5 in Throwing
  2953 | D:4      | Reached XP level 6. HP: 43/51 MP: 7/9
  3949 | D:5      | Entered Level 5 of the Dungeon
  3956 | D:5      | Reached skill level 7 in Polearms
  3956 | D:5      | Reached XP level 7. HP: 56/56 MP: 10/10
  4318 | D:5      | Found a glowing drain.
  4322 | Sewer    | Entered a sewer
  4427 | Sewer    | Noticed Pargi
  4448 | Sewer    | Killed Pargi
  4550 | D:5      | Reached XP level 8. HP: 63/63 MP: 12/12
  4683 | D:5      | Found a staircase to the Ecumenical Temple.
  4741 | D:5      | Found a shadowy altar of Dithmenos.
  5122 | D:6      | Found a runed translucent gate.
  5122 | D:6      | Found a runed translucent gate.
  5126 | D:6      | Found a runed translucent gate.
  5129 | D:6      | Noticed javelincjr's ghost (novice DsFE)
  5529 | D:6      | Noticed Eustachio
  5539 | D:6      | Killed Eustachio
  5574 | D:6      | Reached XP level 9. HP: 44/69 MP: 14/14
  5769 | D:6      | Found a bloodstained altar of Trog.
  5772 | D:6      | Noticed a wizard
  5778 | D:6      | Killed a wizard
  5857 | D:6      | Learned a level 3 spell: Hailstorm
  6047 | D:6      | Noticed a spectral unseen horror
  6150 | D:6      | Killed a spectral unseen horror
  6151 | D:6      | Reached skill level 5 in Short Blades
  6151 | D:6      | Reached skill level 5 in Armour
  6173 | D:6      | Killed javelincjr's ghost
  6174 | D:6      | Reached skill level 8 in Polearms
  6174 | D:6      | Reached skill level 5 in Stealth
  6174 | D:6      | Reached skill level 5 in Invocations
  6437 | D:7      | Found a large runed translucent door.
  6438 | D:7      | Found a large runed translucent door.
  6925 | D:7      | Reached skill level 5 in Long Blades
  6925 | D:7      | Reached skill level 5 in Axes
  6925 | D:7      | Reached skill level 5 in Maces & Flails
  6925 | D:7      | Reached skill level 5 in Staves
  6925 | D:7      | Reached skill level 5 in Ranged Weapons
  6925 | D:7      | Reached skill level 5 in Dodging
  6925 | D:7      | Reached skill level 5 in Shields
  6925 | D:7      | Reached skill level 5 in Unarmed Combat
  6925 | D:7      | Reached skill level 5 in Spellcasting
  6925 | D:7      | Reached skill level 5 in Evocations
  6925 | D:7      | Reached XP level 10. HP: 22/77 MP: 17/17
  7323 | D:7      | Found Kugiaps's Weapon Emporium.
  7717 | D:7      | Found a shimmering blue altar of Sif Muna.
  7746 | D:7      | Found a glowing golden altar of the Shining One.
  7790 | D:8      | Found a blossoming altar of Fedhas.
  9044 | D:8      | Upgraded the game from 0.30.0-15-g856e2d3f33 to
                  | 0.30.0-16-gbe6223bb7e
  9138 | D:9      | Found Oroerop's Assorted Antiques.
  9242 | D:9      | HP: 1/79 [orc warrior/+0 short sword (8)]
  9251 | D:9      | HP: 3/79 [gnoll sergeant/+0 spear (6)]
  9256 | D:9      | Mangled by an orc warrior

Illustrated notes

Levels and vault maps discovered:
D:1:      matt_arrival_diagonals, layout_loops_corners,
          shapermc_ecumenical_altar_acropolis
D:2:      layout_basic, uniq_terence
D:3:      layout_rooms
D:4:      layout_loops_ring
D:5:      layout_gridville, nicolae_dithmenos_through_a_glass_darkly,
          minmay_temple_entry_mist, gup_sewer_entry_bowl, grunt_ministairs_1
D:6:      layout_gridville, trog_wizard, gammafunk_ghost_necromancy,
          minivault_4, corexii_checkpoint_a, uniq_eustachio
D:7:      layout_gridville, jmf_multi_god_temple2, kennysheep_diamond
D:8:      kennysheep_six_static_rooms, layout_rooms, fedhas_altar_4,
          nicolae_zen_rock_garden, minmay_crystal_water,
          nicolae_figureground_sparkle
D:9:      layout_layer_cave, serial_shops, shop, minmay_variable_closet,
          dreamdust_wishing_well

Skill      XL: |  1  2  3  4  5  6  7  8  9 10 |
---------------+-------------------------------+-----
Invocations    | 1 2 3 4 5 6 |  6.2
Long Blades    | 1 2 3 5 |  5.7
Axes           | 1 2 3 5 |  5.7
Maces & Flails | 1 2 3 5 |  5.7
Staves         | 1 2 3 5 |  5.7
Ranged Weapons | 1 2 3 5 |  5.7
Dodging        | 1 2 3 5 |  5.7
Shields        | 1 2 3 5 |  5.7
Unarmed Combat | 1 2 3 5 |  5.7
Spellcasting   | 1 2 3 5 |  5.7
Evocations     | 1 2 3 5 |  5.7
Conjurations   | 1 2 3 4 |  4.7
Hexes          | 1 2 3 4 |  4.7
Summonings     | 1 2 3 4 |  4.7
Necromancy     | 1 2 3 4 |  4.7
Translocations | 1 2 3 4 |  4.7
Transmutations | 1 2 3 4 |  4.7
Fire Magic     | 1 2 3 4 |  4.7
Ice Magic      | 1 2 3 4 |  4.7
Air Magic      | 1 2 3 4 |  4.7
Earth Magic    | 1 2 3 4 |  4.7
Poison Magic   | 1 2 3 4 |  4.7
Short Blades   | 3 4 5 6 |  6.3
Armour         | 3 4 5 6 |  6.3
Fighting       | 5 6 7 |  7.4
Throwing       | 5 6 7 |  7.4
Stealth        | 3 4 5 6 |  6.2
Polearms       | 7 8 |  8.8

Action                     |  1- 3 |  4- 6 |  7- 9 | 10-12 || total
---------------------------+-------+-------+-------+-------++-------
  Melee: Spear             |   103 |   184 |   404 |    41 ||   732
         Bite              |     9 |    13 |    57 |    77 ||   156
         Punch             |     2 |     4 |    12 |    21 ||    39
         Unarmed           |       |     4 |       |       ||     4
         Dagger            |       |       |       |   449 ||   449
   Fire: Sling             |    16 |    61 |    60 |    43 ||   180
  Throw: Stone             |     1 |     5 |       |       ||     6
         Boomerang         |       |    25 |    23 |    12 ||    60
  Evoke: Wand              |       |       |       |     1 ||     1
    Use: Scroll            |     3 |     9 |     4 |     3 ||    19
         Potion            |     1 |     4 |     8 |     5 ||    18
   Stab: Sleeping          |     6 |     1 |     1 |     2 ||    10
         Distracted        |       |     1 |     1 |       ||     2
         Invisible         |       |       |       |     1 ||     1
 Armour: Robe              |    17 |    10 |       |       ||    27
         Ring mail         |       |    43 |       |       ||    43
         Leather armour    |       |     3 |       |       ||     3
         Scale mail        |       |    23 |   148 |   149 ||   320
         Skin              |       |       |     5 |       ||     5
  Dodge: Dodged            |    35 |    92 |   344 |   335 ||   806
